 Dungeon Crawl Stone Soup version 0.32-a0-900-g30fb1b0edc (webtiles) character file.

Game seed: 6159762232163588889

3170 GiantSquids the Cleaver (level 9, -11/75 HPs)
             Began as a Mountain Dwarf Fighter on Apr 6, 2024.
             Was an Elder of Okawaru.
             Mangled by an orc warrior
             ... wielding a +0 dire flail
              (14 damage)
             ... on level 8 of the Dungeon.
             The game lasted 00:09:39 (6537 turns).

GiantSquids the Cleaver (Mountain Dwarf Fighter)    Turns: 6537, Time: 00:09:40

Health: -11/75     AC: 14    Str: 23    XL:     9   Next: 63%
Magic:  12/12      EV:  8    Int:  9    God:    Okawaru [****..]
Gold:   509        SH:  4    Dex:  9    Spells: 8/8 levels left

rFire   . . .        m - +2 hand axe "Killer Bee's Bane" {venom, rPois rC+}
rCold   + . .        c - +0 buckler
rNeg    . . .        b - +0 scale mail
rPois   +            t - +0 helmet
rElec   .            (no cloak)
rCorr   +            j - +2 pair of gloves
SInv    .            (no boots)
Will    .....        q - amulet of faith
Stlth   x              - ring of resist corrosion
HPRegen 0.32/turn    (no ring)
MPRegen 0.13/turn

%: faith
@: attractive
A: runic magic, artefact enchanting, iridescent scales 1, evolution 1,
MP-powered wands
a: Renounce Religion, Heroism, Finesse


You were on level 8 of the Dungeon.
You worshipped Okawaru.
Okawaru was greatly pleased with you.
You visited 1 branch of the dungeon, and saw 8 of its levels.

You collected 509 gold pieces.

Inventory:

Hand Weapons
 m - the +2 hand axe "Killer Bee's Bane" (weapon) {venom, rPois rC+}
   (You found it on level 2 of the Dungeon)

   rC+:       It protects you from cold.
   rPois:     It protects you from poison.
 u - a +0 broad axe
Missiles
 a - 87 stones
 o - 5 javelins (quivered)
 y - 7 boomerangs
 A - 2 throwing nets
Armour
 b - a +0 scale mail (worn)
 c - a +0 buckler (worn)
 j - a +2 pair of gloves (worn)
 t - a +0 helmet (worn)
Jewellery
 q - an amulet of faith (around neck)
 x - a ring of resist corrosion (left hand)
Talismans
 E - a dragon-blood talisman
Wands
 d - a wand of flame (55)
 B - a wand of polymorph (6)
Scrolls
 e - 3 scrolls of teleportation
 g - 3 scrolls of vulnerability
 h - a scroll of blinking {unknown}
 i - a scroll of noise {unknown}
 l - a scroll of revelation
 n - a scroll of poison {unknown}
 r - 2 scrolls of identify {unknown}
 D - a scroll of amnesia {unknown}
Potions
 f - a potion of heal wounds {unknown}
 k - a potion of brilliance {unknown}
 p - a potion of ambrosia {unknown}
 s - a potion of curing {unknown}
 v - a potion of attraction
 w - a potion of mutation
 z - a potion of degeneration {unknown}
 C - a potion of berserk rage {unknown}


   Skills:
 + Level 5.6 Fighting
 + Level 13.7 Axes
 + Level 5.6 Armour
 - Level 3.2 Shields
 + Level 5.2 Invocations


You had 8 spell levels left.
You didn't know any spells.
Your spell library contained the following spells:

 Spells                   Type           Power      Damage    Failure   Level
 Sting                    Conj/Alch      0%         1d3       52%         1
 Cigotuvi's Dreadful Rot  Necr/Alch/Air  0%         N/A       67%         2
 Mercury Vapours          Alch/Air       0%         N/A       67%         2
 Frozen Ramparts          Ice            0%         1d1       88%         3
 Fugue of the Fallen      Necr           0%         N/A       88%         3
 Ozocubu's Armour         Ice            0%         N/A       88%         3
 Dispel Undead            Necr           0%         3d6       99%         4
 Olgreb's Toxic Radiance  Alch           0%         N/A       99%         4
 Passage of Golubria      Tloc           0%         N/A       99%         4
 Metabolic Englaciation   Hex/Ice        0%         N/A       100%        5
 Yara's Violent Unravell  Hex/Alch       0%         3d3       100%        5
 Manifold Assault         Tloc           0%         N/A       100%        7
 Summon Ice Beast         Ice/Summ       Unusable   N/A       N/A         3
 Tukima's Dance           Hex            Unusable   N/A       N/A         3
 Martyr's Knell           Necr/Summ      Unusable   N/A       N/A         4
 Summon Mana Viper        Hex/Summ       Unusable   N/A       N/A         5
 Monstrous Menagerie      Summ           Unusable   N/A       N/A         7

Dungeon Overview and Level Annotations

Branches:
Dungeon (8/15)             Temple (0/1) D:6            Lair (0/5) D:8

Altars:
Gozag
Makhleb
Nemelex Xobeh
Okawaru
Qazlal
Wu Jian

Shops:
D:8 [


Innate Abilities, Weirdness & Mutations

Your spellcasting is much less encumbered by armour.
You can use scrolls of enchantment on lesser artefacts.
You are partially covered in iridescent scales. (AC +2)
You have hidden genetic potential.
You expend magic power (3 MP) to strengthen your wands.


Message History

You slash the orc priest!
You kill the orc priest!
Okawaru accepts your kill.
Things that are here:
a +0 whip; an orc corpse You hear the faint creaking of a very distant portcullis.
Found Wocvaeph's Antique Armour Shop.
There is an entrance to Wocvaeph's Antique Armour Shop here.
Found a scroll labelled HOQOEH APRI.
An orc warrior comes into view. It is wielding a +0 dire flail.
The orc warrior shouts!
An orc wizard comes into view. It is wielding a +0 dagger.
An orc comes into view. It is wielding a +0 falchion.
The orc shouts!
The orc wizard shouts!
The orc warrior attacks as it pursues you!
The orc warrior hits you with a +0 dire flail!
You barely miss the orc warrior.
The orc warrior hits you with a +0 dire flail.
The orc wizard gestures wildly while chanting.
The orc wizard flickers and vanishes!
Deactivating autopickup; reactivate with Ctrl-A.
You slash the orc warrior!
The orc warrior is poisoned.
The orc warrior is moderately wounded.
You barely miss the orc warrior.
The orc warrior is moderately wounded.
The orc warrior hits you with a +0 dire flail!
* * * LOW HITPOINT WARNING * * *
You closely miss the orc warrior.
The orc warrior is moderately wounded.
The orc warrior hits you with a +0 dire flail!
* * * LOW HITPOINT WARNING * * *
It was a potion of mutation.
You feel extremely strange.
You feel your magical essence link to the dungeon's wands.
Iridescent scales grow over part of your body.
You feel a hidden potential growing inside you.
The orc warrior hits you but does no damage.
It was a potion of attraction.
You feel attractive to monsters.
The orc warrior hits you with a +0 dire flail!
You die...

,,,,***** ,,,,,,,,* ~~~~~~~,*
#################
~*****~,*####.......#.......#
~*,,,*~,**###.#####.#.......###
~,,∩,*~,***##.#*###.#.........##*
~*,,,*~,o####.####..............,
~*****~,#####.####..#.......#.#,,
~~~~~~~,.......o@..##.......#.#,*
,,,,,,,,#####.#######.........#.#
*,,,****#####.##### #...........#
,,,,,,,****##.#*### #?......#####
,,,***,,**###.#*### #######.# #
,*** **,*......,.## #.##### ,*
*,.........* #∩..... **
**#........* ####### *,,,,,,,,* #


You could see an orc warrior (very poisoned).

Vanquished Creatures
  Prince Ribbit (D:6)
  Sigmund (D:4)
  Menkaure (D:5)
  Duvessa (D:4)
  2 water moccasins
  4 ice beasts
  2 black bears
  2 centaurs (D:7)
  A phantom (D:4)
  A kobold brigand (D:7)
  2 bullfrogs
  A gnoll sergeant (D:6)
  A scorpion (D:5)
  Dowan (D:4)
  5 killer bees (D:8)
  A bombardier beetle (D:3)
  4 hounds
  Ijyb (D:4)
  3 jellies
  7 orc priests
  A sleepcap (D:6)
  4 iguanas
  4 orc wizards
  15 gnolls
  5 adders
  A shadow imp (D:6)
  8 ufetubi
  2 ribbon worms
  3 dart slugs
  12 orcs
  7 ball pythons
  4 bats
  3 endoplasms
  3 giant cockroaches
  5 goblins
  7 hobgoblins
  5 jackals (D:5)
  A quokka (D:5)
  6 frilled lizards
  17 kobolds
  5 rats
160 creatures vanquished.

Notes
Turn   | Place    | Note
-------+----------+-------------------------------------------
     0 | D:1      | GiantSquids the Mountain Dwarf Fighter began the quest for
                  | the Orb.
     0 | D:1      | Reached XP level 1. HP: 19/19 MP: 1/1
   135 | D:1      | Reached skill level 3 in Axes
   173 | D:1      | Reached XP level 2. HP: 25/26 MP: 2/2
   317 | D:1      | Reached skill level 4 in Axes
   923 | D:2      | Reached XP level 3. HP: 31/31 MP: 3/3
  1110 | D:2      | Identified the +2 hand axe "Killer Bee's Bane" {venom,
                  | rPois rC+}
  1474 | D:3      | Reached skill level 5 in Axes
  1732 | D:3      | Reached XP level 4. HP: 32/38 MP: 4/4
  2192 | D:4      | Found a sparkling altar of Nemelex Xobeh.
  2207 | D:4      | Reached skill level 6 in Axes
  2213 | D:4      | Reached XP level 5. HP: 37/45 MP: 5/5
  2391 | D:4      | Noticed a phantom
  2410 | D:4      | Killed a phantom
  2411 | D:4      | Reached skill level 7 in Axes
  2599 | D:4      | Reached XP level 6. HP: 49/51 MP: 6/6
  2679 | D:4      | Noticed Duvessa
  2679 | D:4      | Noticed Dowan
  2680 | D:4      | Found an iron altar of Okawaru.
  2695 | D:4      | Killed Duvessa
  2696 | D:4      | Reached skill level 8 in Axes
  2703 | D:4      | Killed Dowan
  2716 | D:4      | Became a worshipper of Warmaster Okawaru
  2911 | D:4      | Noticed Ijyb
  2919 | D:4      | Killed Ijyb
  2920 | D:4      | Reached skill level 9 in Axes
  3028 | D:4      | Noticed Sigmund
  3033 | D:4      | Killed Sigmund
  3034 | D:4      | Reached XP level 7. HP: 48/57 MP: 7/7
  3202 | D:5      | Entered Level 5 of the Dungeon
  3217 | D:5      | Reached * piety under Okawaru
  3218 | D:5      | Reached skill level 10 in Axes
  3281 | D:5      | Reached skill level 11 in Axes
  3329 | D:5      | Reached XP level 8. HP: 63/63 MP: 8/8
  3384 | D:5      | Noticed Menkaure
  3389 | D:5      | Killed Menkaure
  3389 | D:5      | Reached ** piety under Okawaru
  3433 | D:5      | Reached skill level 12 in Axes
  3853 | D:5      | Found an opulent altar of Gozag.
  4052 | D:5      | Found an ornate altar of the Wu Jian Council.
  4070 | D:5      | Found a stormy altar of Qazlal.
  4378 | D:6      | Reached skill level 1 in Invocations
  4454 | D:6      | Reached skill level 13 in Axes
  4461 | D:6      | Reached *** piety under Okawaru
  4571 | D:6      | Found a burning altar of Makhleb.
  4811 | D:6      | Reached XP level 9. HP: 71/71 MP: 9/11
  4877 | D:6      | Noticed Prince Ribbit
  4886 | D:6      | Killed Prince Ribbit
  4925 | D:6      | Found a staircase to the Ecumenical Temple.
  5810 | D:7      | Reached skill level 5 in Fighting
  5896 | D:7      | Reached skill level 5 in Armour
  6010 | D:7      | Reached **** piety under Okawaru
  6484 | D:8      | Reached skill level 5 in Invocations
  6508 | D:8      | Found Wocvaeph's Antique Armour Shop.
  6535 | D:8      | HP: 3/75 [orc warrior/+0 dire flail (11)]
  6536 | D:8      | Gained mutation: You expend magic power (3 MP) to
                  | strengthen your wands. [potion of mutation]
  6536 | D:8      | Gained mutation: You are partially covered in iridescent
                  | scales. (AC +2) [potion of mutation]
  6536 | D:8      | Gained mutation: You have hidden genetic potential. [potion
                  | of mutation]
  6537 | D:8      | Mangled by an orc warrior

Illustrated notes

Levels and vault maps discovered:
D:1:      psy_arrival_statuary, layout_basic, minmay_pentomino_v4
D:2:      layout_loops_ring
D:3:      layout_loops_ring, nicolae_underground_beach
D:4:      layout_basic, okawaru_altar_gauntlet_db, amcnicky_altar_gilded,
          uniq_sigmund, uniq_duvessa, uniq_ijyb
D:5:      layout_basic, nicolae_gozag_seed_capital,
          nicolae_qazlal_eye_of_the_storm, nicolae_wu_jian_immortal_techniques,
          amethyst_killhole, nicolae_concentric_dashed_squares_mild,
          uniq_menkaure
D:6:      layout_basic, mainiacjoe_overflow_six_doors_small,
          minmay_temple_entry_ruins, minmay_gold_behind_fungi,
          uniq_prince_ribbit1
D:7:      layout_basic, minmay_misc_feat_tiny
D:8:      layout_basic, slow_altar_2, grunt_dithmenos_smoke_and_mirrors,
          dpeg_lair_monsters, serial_shops, shop, enter_bailey_3,
          reono_crystal_passage, minmay_lizard_king

Skill      XL: |  1  2  3  4  5  6  7  8  9 |
---------------+----------------------------+-----
Axes           | 3 4 5 6 7 9 11 13 | 13.7
Invocations    | 2 5 |  5.2
Fighting       | 4 5 |  5.6
Armour         | 4 5 |  5.6
Shields        | |  3.2

Action                     |  1- 3 |  4- 6 |  7- 9 || total
---------------------------+-------+-------+-------++-------
  Melee: War axe           |    84 |       |       ||    84
         Hand axe          |    34 |   122 |   330 ||   486
    Use: Potion            |       |     1 |     2 ||     3
         Scroll            |       |       |     4 ||     4
 Armour: Scale mail        |    83 |    75 |   212 ||   370
  Dodge: Dodged            |    48 |    32 |   117 ||   197
  Block: Buckler           |    26 |    25 |    53 ||   104

Table legend: (Time is in decaauts)
 A = Elapsed time spent in this place.
 B = Non-inter-level travel time spent in this place.
 C = Inter-level travel time spent in this place.
 D = Time resting spent in this place.
 E = Time spent auto-exploring this place.
 F = Levels seen in this place.
 G = Mean time per level.
                   A        B        C        D        E       F      G
               +--------+--------+--------+--------+--------+-----+--------+
         Total |   6465 |   6244 |    221 |    114 |   5071 |   8 |  808.1 |
       Dungeon |   6465 |   6244 |    221 |    114 |   5071 |   8 |  808.1 |
               +--------+--------+--------+--------+--------+-----+--------+

Top non-repeatable levels by time:
     D:7: 1127 daAuts
     D:5: 1075 daAuts
     D:4: 1005 daAuts
     D:6: 955 daAuts
     D:1: 849 daAuts
     D:3: 799 daAuts
     D:2: 575 daAuts
     D:8: 78 daAuts
